Map: 윈터스 게이트 - 래더

Players

Cure - Winner!

  • Race: Terran Terran
  • League: Master
  • Spawn Location: 11:00

llllllllllll (Oliveira)

  • Race: Terran Terran
  • League: Master
  • Spawn Location: 5:00

Event: HomeStory Cup XX

VOD

Have the link to the VOD?

Description

Time

  • Played on: Nov. 21, 2019, 7:30 a.m.
  • Length: 15:01

All games in this series

Show
View Real Time Build Order
Export as new Build Order

Cure Terran - Winner!

Build Orders:  

Get SALT Encoding   

  12  0:00  SCV  
  13  0:12  SCV  
  14  0:17  Supply Depot  
  14  0:24  SCV  
  15  0:38  SCV  
  15  0:39  Barracks  
  15  0:42  Refinery  
  16  0:50  SCV  
  16  0:52  Refinery  
  17  1:03  SCV  
  18  1:15  SCV  
  19  1:26  Marine  
  19  1:27  Orbital Command  
  19  1:32  Factory  
  20  1:45  Supply Depot, Reaper  
  21  1:52  SCV  
  22  2:05  SCV  
  25  2:15  Hellion  
  25  2:17  Reaper, SCV  
  27  2:30  Command Center  
  27  2:33  SCV  
  28  2:39  Supply Depot  
  28  2:46  Hellion  
  28  2:47  SCV  
  28  2:53  Barracks Reactor  
  28  3:00  Starport  
  28  3:01  SCV  
  29  3:08  Hellion  
  31  3:13  SCV  
  32  3:20  Supply Depot  
  32  3:25  SCV  
  33  3:29  Factory Tech Lab  
  33  3:31  Marine x2  
  35  3:37  Starport Tech Lab, SCV  
  36  3:43  Orbital Command  
  36  3:44  Refinery  
  36  3:49  SCV  
  36  3:53  Cyclone  
  40  3:57  Raven  
  40  4:01  SCV  
  43  4:03  Marine x2  
  43  4:09  SCV  
  46  4:13  SCV  
  46  4:16  Supply Depot  
  47  4:21  Marine, SCV  
  50  4:25  SCV  
  50  4:26  Marine  
  47  4:34  SCV  
  47  4:36  Siege Tank  
  47  4:37  SCV  
  52  4:43  Marine  
  53  4:46  SCV  
  53  4:49  Raven  
  53  4:50  SCV  
  57  4:58  SCV  
  56  5:01  Marine  
  56  5:02  SCV  
  57  5:10  SCV  
  57  5:11  Factory Tech Lab  
  57  5:14  Command Center, SCV  
  59  5:20  Barracks Reactor  
  59  5:22  SCV  
  59  5:26  SCV  
  61  5:29  Command Center  
  61  5:30  Supply Depot  
  61  5:34  SCV  
  62  5:35  Siege Tank  
  62  5:37  Starport Tech Lab  
  65  5:43  SCV  
  65  5:46  SCV  
  67  5:50  Refinery  
  67  5:55  Barracks  
  67  5:56  Barracks  
  67  6:00  SCV x2  
  67  6:03  Supply Depot  
  69  6:07  Marine  
  69  6:08  Viking x2, Siege Tank  
  69  6:10  Stimpack  
  77  6:14  SCV  
  77  6:17  Supply Depot  
  78  6:24  SCV  
  78  6:25  Marine  
  78  6:32  Orbital Command, SCV  
  77  6:36  SCV  
  77  6:37  Engineering Bay x2  
  78  6:43  Marine  
  78  6:45  Barracks Reactor  
  78  6:46  Siege Tank, Barracks Reactor  
  58  6:47  Orbital Command  
  82  6:54  Viking  
  82  6:57  Viking  
  82  6:58  Orbital Command  
  82  6:59  SCV x2  
  88  7:07  Marine  
  89  7:08  Terran Infantry Weapons Level 1, Terran Infantry Armor Level 1  
  87  7:17  SCV x2  
  88  7:24  Viking  
  88  7:27  Viking, SCV  
  88  7:28  SCV  
  82  7:30  Marine x4  
  82  7:34  SCV x2  
  81  7:39  SCV  
  81  7:40  Siege Tank  
  81  7:42  Marine  
  84  7:48  Marine  
  80  7:51  SCV  
  80  7:52  SCV x2  
  80  7:54  Medivac  
  80  7:57  Marine x3  
  80  7:58  SCV  
  80  8:00  Marine  
  80  8:03  SCV  
  80  8:04  Medivac, SCV x2  
  86  8:10  SCV  
  87  8:16  SCV x3  
  87  8:19  Combat Shield  
  90  8:21  Barracks  
  90  8:22  Barracks, SCV  
  90  8:23  Marine x5  
  96  8:28  SCV x2, Armory  
  96  8:33  Siege Tank  
  101  8:37  SCV x2  
  101  8:40  SCV x2  
  105  8:42  Marine x3, Refinery  
  105  8:43  Marine x2, Refinery  
  105  8:46  Supply Depot  
  110  8:51  SCV x2  
  110  8:52  SCV x2  
  110  8:54  Supply Depot  
  110  8:55  Supply Depot  
  114  8:58  Supply Depot  
  114  9:00  Marine x3  
  117  9:03  Marine x2, SCV x2  
  117  9:04  SCV x2  
  117  9:06  Sensor Tower, Siege Tank  
  117  9:09  Barracks Reactor x2  
  121  9:17  Marine  
  121  9:19  Orbital Command  
  121  9:20  SCV x3  
  118  9:28  Marine x4  
  120  9:34  SCV  
  120  9:35  Marine, SCV x2  
  122  9:38  Barracks Reactor  
  122  9:39  Refinery, Medivac x2, Terran Infantry Weapons Level 2  
  122  9:40  Terran Vehicle Weapons Level 1  
  126  9:46  Marine x5  
  126  9:50  Terran Infantry Armor Level 2, SCV x3  
  134  9:53  Marine  
  135  10:02  SCV x3  
  135  10:03  Factory  
  135  10:04  Marine x5  
  143  10:10  Orbital Command  
  143  10:11  Marine, Siege Tank  
  143  10:12  Supply Depot  
  143  10:13  Refinery  
  147  10:16  Refinery, Supply Depot, Barracks Reactor  
  147  10:20  Marine x2, Sensor Tower  
  149  10:22  Marine x3  
  149  10:23  SCV x2  
  149  10:25  Supply Depot  
  153  10:28  Viking  
  153  10:34  Viking  
  157  10:36  Supply Depot  
  157  10:39  Marine x4, Supply Depot  
  161  10:46  Siege Tank  
  161  10:47  Marine x4  
  168  10:57  Marine x6  
  168  10:58  Viking  
  167  11:04  Marine x2  
  167  11:11  Marine x2  
  145  11:12  Siege Tank  
  145  11:15  Marine x5  
  145  11:18  Marine, Siege Tank  
  147  11:20  Viking  
  147  11:22  Marine x2  
  151  11:28  Viking  
  151  11:29  Marine x2  
  155  11:33  Marine x3  
  155  11:39  Marine x3  
  156  11:40  Marine x2  
  156  11:44  Siege Tank  
  156  11:46  Marine x2  
  160  11:50  Marine x2, Siege Tank  
  160  11:51  Marine, Viking  
  164  11:57  Marine x3  
  164  11:58  Marine, Viking  
  164  11:59  Marine  
  158  12:03  SCV  
  158  12:04  Marine x2, SCV x2  
  156  12:08  Marine  
  156  12:09  Terran Infantry Weapons Level 3, Terran Infantry Armor Level 3  
  152  12:16  Siege Tank, SCV  
  152  12:22  Siege Tank  
  159  12:24  Marine x6  
  159  12:25  Marine x2  
  159  12:28  Marine x2, SCV x3  
  162  12:41  Medivac  
  162  12:42  Marine x7  
  156  12:48  Command Center, Siege Tank  
  148  12:54  Medivac  
  148  12:57  Sensor Tower  
  150  12:59  Marine x3  
  150  13:00  Marine  
  152  13:11  Marine x6  
  154  13:13  Medivac  
  154  13:16  Widow Mine  
  154  13:19  SCV x2  
  158  13:23  Marine x3  
  158  13:24  Marine, Medivac  
  164  13:29  Marine  
  161  13:37  Marine x4  
  161  13:43  Medivac  
  161  13:46  Marine x5  
  161  13:47  Marine  
  169  13:54  Medivac  
  143  14:05  Marine x6  
  143  14:08  Siege Tank x2  
  137  14:10  Marine  
  137  14:13  Medivac  
  137  14:14  Orbital Command  
  137  14:17  Marine x3  
  137  14:23  Marine  
  141  14:24  Medivac  
  141  14:28  SCV x2  
  145  14:35  Marine x8  
Show
View Real Time Build Order
Export as new Build Order

llllllllllll Terran 

Build Orders:  

Get SALT Encoding   

  12  0:00  SCV  
  13  0:12  SCV  
  14  0:17  Supply Depot  
  14  0:25  SCV  
  14  0:27  Refinery  
  15  0:38  SCV  
  16  0:45  Barracks  
  16  0:50  SCV  
  16  0:56  Refinery  
  17  1:02  SCV  
  18  1:14  SCV  
  19  1:33  Orbital Command  
  19  1:35  Factory  
  19  1:36  Reaper  
  20  1:42  Supply Depot  
  20  1:59  SCV  
  21  2:08  Reaper  
  22  2:12  SCV  
  23  2:20  Hellion  
  25  2:25  Command Center  
  25  2:26  SCV  
  26  2:35  Starport  
  26  2:38  SCV  
  27  2:49  Barracks Reactor  
  27  2:50  Factory Tech Lab, SCV  
  27  2:52  Supply Depot  
  27  3:03  SCV  
  28  3:09  Siege Tank  
  31  3:15  SCV  
  32  3:22  Medivac  
  32  3:26  Marine x2  
  36  3:27  SCV  
  37  3:39  SCV  
  38  3:45  Marine  
  38  3:47  Marine  
  38  3:48  Orbital Command  
  40  3:50  Factory Tech Lab  
  40  3:51  SCV  
  41  4:03  SCV, Raven  
  41  4:04  Marine  
  41  4:05  Marine  
  41  4:09  Supply Depot  
  46  4:14  SCV  
  46  4:15  SCV  
  48  4:21  Marine  
  48  4:24  Marine  
  48  4:26  SCV  
  48  4:30  SCV  
  49  4:38  SCV  
  50  4:42  SCV  
  50  4:43  Command Center  
  52  4:50  SCV  
  51  4:55  SCV  
  51  4:59  Supply Depot  
  51  5:00  Starport Reactor, Barracks  
  51  5:01  Barracks  
  51  5:02  SCV  
  51  5:05  Marine, Stimpack, Siege Tank  
  51  5:07  SCV  
  57  5:14  SCV  
  57  5:19  SCV  
  59  5:22  Engineering Bay  
  59  5:23  Marine  
  59  5:25  Refinery  
  59  5:26  SCV  
  59  5:27  Refinery  
  59  5:28  Supply Depot, Engineering Bay  
  61  5:31  SCV  
  62  5:37  Siege Tank  
  62  5:38  SCV  
  62  5:41  Marine  
  66  5:43  Starport Reactor, SCV  
  67  5:50  Marine x2, Terran Infantry Weapons Level 1  
  67  5:51  SCV  
  67  5:55  SCV  
  67  5:56  Orbital Command  
  71  5:57  Marine  
  71  5:58  Marine  
  71  6:00  Terran Infantry Armor Level 1  
  71  6:02  Marine  
  74  6:06  SCV  
  74  6:08  Marine x2  
  74  6:09  SCV  
  78  6:14  Orbital Command  
  78  6:15  Marine, Supply Depot  
  78  6:18  Marine  
  80  6:19  Medivac x2  
  80  6:20  SCV  
  80  6:24  Marine  
  85  6:26  Marine  
  85  6:28  SCV  
  85  6:31  Supply Depot x2  
  86  6:35  SCV  
  86  6:37  Marine  
  86  6:40  SCV  
  86  6:41  SCV  
  86  6:42  Marine  
  86  6:45  Marine x2  
  90  6:48  Marine  
  90  6:50  SCV  
  90  6:52  SCV  
  92  6:55  Marine  
  92  7:00  Marine, Combat Shield  
  92  7:02  SCV  
  92  7:03  SCV  
  95  7:08  SCV  
  95  7:11  Marine x2, Supply Depot  
  95  7:14  SCV  
  98  7:15  SCV  
  98  7:20  SCV  
  100  7:28  Marine  
  91  7:30  Marine  
  91  7:31  Marine  
  91  7:32  Marine, SCV  
  91  7:34  Marine  
  91  7:36  Siege Tank  
  92  7:39  SCV  
  92  7:41  Medivac  
  95  7:44  SCV  
  95  7:45  Barracks x2  
  95  7:46  Marine  
  95  7:48  Marine  
  91  7:52  Marine  
  91  7:54  Marine  
  91  7:56  SCV  
  91  7:57  Medivac  
  91  7:58  Marine  
  86  7:59  SCV x2  
  86  8:04  Marine  
  79  8:05  Marine  
  79  8:07  Armory  
  79  8:08  SCV  
  79  8:09  Siege Tank  
  79  8:11  Marine, SCV x2  
  79  8:12  Marine  
  86  8:20  Marine, Missile Turret, SCV  
  86  8:23  SCV  
  86  8:24  Medivac, SCV  
  86  8:26  Marine  
  93  8:27  Medivac  
  93  8:32  SCV  
  93  8:34  Marine  
  96  8:35  SCV  
  96  8:36  SCV  
  96  8:38  Refinery, Barracks Reactor  
  96  8:39  Refinery, Barracks Reactor  
  99  8:43  Marine, Siege Tank  
  103  8:49  Marine x2  
  103  8:52  Supply Depot x2  
  103  8:55  Terran Infantry Weapons Level 2, Terran Infantry Armor Level 2  
  105  9:03  SCV  
  105  9:07  Command Center  
  105  9:09  Marine x2  
  108  9:15  Siege Tank  
  110  9:17  Marine  
  110  9:18  Marine, Medivac x2  
  110  9:22  Marine x2, SCV  
  110  9:24  SCV  
  116  9:26  Marine x2, SCV  
  119  9:32  Marine  
  119  9:33  Marine x2  
  119  9:34  SCV  
  119  9:35  Terran Vehicle Weapons Level 1  
  119  9:36  SCV  
  120  9:39  Marine x2, SCV  
  120  9:40  Factory  
  120  9:42  Sensor Tower  
  120  9:44  Marine  
  124  9:46  SCV  
  124  9:47  Marine x2  
  127  9:53  Marine x2  
  127  9:55  SCV  
  127  9:57  Viking, Siege Tank  
  127  9:58  Marine x3, Viking  
  140  10:04  Marine  
  141  10:09  Marine x2, Supply Depot  
  141  10:10  Marine, Supply Depot x2  
  141  10:13  Marine x2  
  146  10:16  Marine x2, SCV  
  149  10:23  Marine x2  
  149  10:24  Factory Tech Lab  
  149  10:28  Marine  
  152  10:29  Planetary Fortress  
  152  10:32  Marine x2  
  152  10:33  Viking, Siege Tank  
  159  10:38  Marine x2  
  159  10:41  Marine  
  159  10:42  Marine x2, Viking  
  165  10:45  SCV x2  
  165  10:47  Supply Depot  
  153  11:08  Marine x2  
  137  11:12  Marine  
  137  11:14  Marine  
  137  11:15  Marine, Siege Tank  
  137  11:18  Marine  
  129  11:19  Viking, Siege Tank  
  129  11:20  Viking  
  129  11:22  Marine  
  129  11:24  Starport  
  129  11:25  Starport  
  138  11:27  Marine, SCV x3  
  138  11:28  Marine  
  143  11:35  Marine x2  
  143  11:36  Marine x2  
  144  11:41  SCV  
  144  11:42  Marine x2  
  144  11:44  Marine  
  144  11:47  Siege Tank  
  147  11:56  Marine  
  140  12:01  Viking, Siege Tank  
  140  12:02  Marine  
  140  12:03  Marine x4  
  140  12:05  Starport Reactor  
  140  12:06  Terran Vehicle Weapons Level 2  
  145  12:08  Marine  
  145  12:09  Marine x2  
  145  12:10  Command Center  
  145  12:11  Starport Tech Lab  
  145  12:14  Marine  
  135  12:19  Siege Tank  
  135  12:20  Marine x2  
  135  12:21  Marine x3  
  123  12:26  Marine, SCV  
  123  12:27  Marine x2  
  111  12:31  Marine, Orbital Command  
  111  12:32  Engineering Bay x2  
  111  12:33  Medivac x2, Siege Tank  
  119  12:38  Marine x2  
  119  12:39  Marine  
  119  12:40  Marine  
  119  12:41  Marine  
  117  12:44  Marine x2  
  117  12:46  Engineering Bay  
  117  12:48  Engineering Bay  
  117  12:49  Viking x2  
  117  12:50  Marine  
  122  12:54  SCV  
  122  12:56  Marine x2  
  125  13:00  Marine x2  
  125  13:01  Viking  
  125  13:03  SCV  
  125  13:08  Marine x2  
  125  13:10  Marine  
  125  13:11  Marine  
  125  13:12  Marine  
  119  13:14  Viking  
  119  13:16  SCV x4  
  125  13:21  Refinery  
  125  13:22  Marine  
  125  13:24  Refinery  
  126  13:33  Marine x2  
  128  13:36  Viking  
  128  13:39  Marine x2, Viking  
  124  13:44  Marine x2  
  124  13:50  Marine x3  
  124  13:51  Viking  
  109  14:04  Viking  
  109  14:05  Marine  
  109  14:06  Marine x2  
  109  14:07  Marine x2  
  109  14:08  Marine  
  109  14:09  Marine x2  
  93  14:10  SCV  
  93  14:11  SCV x2  
  93  14:13  SCV  
  93  14:16  Marine  
  97  14:19  Siege Tank  
  97  14:23  Marine, SCV  
  102  14:26  Marine x2  
  102  14:27  Marine  
  102  14:29  SCV  
  102  14:31  SCV  
  107  14:33  Marine x2  
  107  14:36  SCV  
  110  14:41  Marine  
Tags
 
Add a new tag
Caveats
  • Supply blocks, unpowered buildings, or Contaminate may cause inaccurate times.
  • Supply counts are checked every 10 seconds.